[Event "Titled Tuesday Blitz April 4 Early 2023"]
[White "Fiorito, Francisco"]
[Black "Sargissyan, Sargis"]
[WhiteFideId "180165"]
[BlackFideId "13303210"]
[WhiteElo "2341"]
[BlackElo "2109"]
[Result "1-0"]
[Round "07"]
[TimeControl "180+2"]
[Date "2023.04.04"]
[WhiteClock "0:02:00"]
[BlackClock "0:00:24"]

1. d4 Nf6 2. Bf4 d5 3. e3 c5 4. dxc5 e6 5. b4 a5 6. c3 Nc6 7. Bb5 Bd7 8. Qb3 b6 9. Bxc6 Bxc6 10. b5 a4 11. Qb2 a3 12. Qb3 Bd7 13. c6 Bc8 14. Nd2 Bc5 15. Ngf3 O-O 16. O-O Ne4 17. Nxe4 dxe4 18. Rad1 Qe7 19. Ne5 g5 20. Bg3 f5 21. Nd7 f4 22. Nxf8 Qxf8 23. exf4 gxf4 24. Bh4 Qh6 25. g3 Kf7 26. Qc4 Qg6 27. Rde1 1-0


[Site "https://www.chess.com"]

[Event "Titled Tuesday Blitz April 4 Early 2023"]
[White "Lymar, Vladislav"]
[Black "Chandreyee, Hajra"]
[WhiteFideId "14162180"]
[BlackFideId "5056535"]
[WhiteElo "2234"]
[BlackElo "1725"]
[Result "0-1"]
[Round "07"]
[TimeControl "180+2"]
[Date "2023.04.04"]
[WhiteClock "0:00:05"]
[BlackClock "0:00:07"]

1. d4 e6 2. Nf3 f5 3. g3 Nf6 4. Bg2 d6 5. O-O Nc6 6. c4 e5 7. Nc3 e4 8. Nh4 Be7 9. f3 O-O 10. fxe4 Nxe4 11. Nxe4 Bxh4 12. gxh4 fxe4 13. Rxf8+ Qxf8 14. Bxe4 Qf6 15. Bd5+ Be6 16. Bg5 Qf7 17. e4 h6 18. Be3 Qg6+ 19. Kf2 Rf8+ 20. Ke2 Nb4 21. Qg1 Qh5+ 22. Kd2 Nxd5 23. cxd5 Bg4 24. Qg3 Rf3 25. Qg2 Bh3 26. Qe2 Bg4 27. Rg1 Qxh4 28. e5 dxe5 29. dxe5 Bh5 30. a3 Qe4 31. Rxg7+ Kh8 32. Rd7 Qxe5 33. Rd8+ Kh7 34. Qd3+ Bg6 35. Rd7+ Kh8 36. Qd4 Rxe3 37. Qxe3 Qxb2+ 38. Ke1 Qb1+ 39. Ke2 Qb5+ 40. Kf2 Qxd7 41. Qe5+ Qg7 42. Qe3 Kh7 43. Qxa7 b6 44. Qb7 Qf7+ 45. Ke3 Qe7+ 46. Kf4 Qf6+ 47. Kg3 Qe5+ 48. Kg2 Qe4+ 49. Kf2 Qf4+ 50. Ke2 Bh5+ 51. Ke1 Qe3+ 52. Kf1 Be2+ 53. Kg2 Qf3+ 54. Kg1 Qf1# 0-1


[Site "https://www.chess.com"]

[Event "Titled Tuesday Blitz April 4 Early 2023"]
[White "Castellanos Villela, Alejandro"]
[Black "Hajiyev, Kanan"]
[WhiteFideId "3446379"]
[BlackFideId "13404148"]
[WhiteElo "2103"]
[BlackElo "2103"]
[Result "1-0"]
[Round "07"]
[TimeControl "180+2"]
[Date "2023.04.04"]
[WhiteClock "0:00:11"]
[BlackClock "0:00:02"]

1. d4 Nf6 2. c4 e6 3. Nc3 Bb4 4. f3 c5 5. d5 exd5 6. cxd5 O-O 7. e4 Nxe4 8. fxe4 Qh4+ 9. Kd2 Qxe4 10. Qf3 Qd4+ 11. Kc2 d6 12. Bd3 c4 13. Be4 f5 14. Nge2 Qe5 15. Rf1 Na6 16. Qf2 Nc5 17. Bf3 f4 18. Qd4 Bf5+ 19. Kd2 Rae8 20. Qxc4 Ba5 21. b4 b5 22. Qd4 Qxd4+ 23. Nxd4 Bxb4 24. Nxb5 Be4 25. Bxe4 Nxe4+ 26. Kd3 a6 27. Nxe4 axb5 28. Rxf4 Rc8 29. Rb1 Rfe8 30. Rxb4 Rxc1 31. Rxb5 Rd1+ 32. Nd2 Re5 33. Rb8+ 1-0


[Site "https://www.chess.com"]

[Event "Titled Tuesday Blitz April 4 Early 2023"]
[White "Mazurkiewicz, Michal"]
[Black "Grunberg, Mihai-Lucian"]
[WhiteFideId "1124943"]
[BlackFideId "1204149"]
[WhiteElo "2054"]
[BlackElo "2363"]
[Result "1-0"]
[Round "07"]
[TimeControl "180+2"]
[Date "2023.04.04"]
[WhiteClock "0:01:01"]
[BlackClock "0:00:47"]

1. e4 d5 2. exd5 Qxd5 3. d3 Nf6 4. Nc3 Qd8 5. g3 Nc6 6. Nf3 e5 7. Bg2 Bd6 8. O-O O-O 9. Re1 Re8 10. h3 Bf5 11. Nh4 Bd7 12. Ne4 Nxe4 13. dxe4 Nd4 14. c3 Ne6 15. Nf5 Bc6 16. Ne3 Qd7 17. Nd5 Rad8 18. Qg4 Be7 19. Bh6 Kh8 20. Be3 Bc5 21. Bxc5 Nxc5 22. Qh5 Re6 23. Rad1 g6 24. Qg5 Kg7 25. h4 h6 26. Qe3 b6 27. Bh3 Nxe4 28. Qxe4 Bxd5 29. Bxe6 fxe6 30. Qxe5+ Kg8 31. c4 1-0


[Site "https://www.chess.com"]

[Event "Titled Tuesday Blitz April 4 Early 2023"]
[White "Fiorito, Joaquin"]
[Black "Silva Lucena, Cristian"]
[WhiteFideId "180173"]
[BlackFideId "2232588"]
[WhiteElo "2157"]
[BlackElo "2223"]
[Result "0-1"]
[Round "07"]
[TimeControl "180+2"]
[Date "2023.04.04"]
[WhiteClock "0:00:02"]
[BlackClock "0:00:54"]

1. d4 d5 2. c4 c6 3. Nc3 Nf6 4. Nf3 dxc4 5. a4 Bf5 6. Ne5 Nbd7 7. Nxc4 Qc7 8. Qb3 O-O-O 9. g3 e5 10. dxe5 Nxe5 11. Nxe5 Qxe5 12. Bf4 Qa5 13. Bg2 Bb4 14. O-O Rhe8 15. Nb5 Nd5 16. Nxa7+ Qxa7 17. Bxd5 Rxd5 18. Qxb4 Rxe2 19. Qf8+ Kd7 20. Rad1 Be6 21. Rxd5+ Bxd5 22. Qxg7 Qxa4 23. Qf6 Qe4 24. f3 Qc2 25. Qd6+ Ke8 26. Qb8+ Ke7 27. Qd6+ Ke8 28. Qb8+ Ke7 29. Bg5+ Ke6 30. Qe8+ Kf5 31. Qd7+ Kxg5 32. Qg4+ Kf6 33. Qd4+ Ke6 34. Qg4+ Qf5 0-1


[Site "https://www.chess.com"]

[Event "Titled Tuesday Blitz April 4 Early 2023"]
[White "Dobre, Claudiu-Cristian"]
[Black "Kukreja, Sankalp"]
[WhiteFideId "1211854"]
[BlackFideId "45027676"]
[WhiteElo "2207"]
[BlackElo "2126"]
[Result "0-1"]
[Round "07"]
[TimeControl "180+2"]
[Date "2023.04.04"]
[WhiteClock "0:00:01"]
[BlackClock "0:00:19"]

1. e4 c5 2. b3 Nf6 3. e5 Nd5 4. d4 cxd4 5. Qxd4 e6 6. Nf3 Nc6 7. Qe4 d6 8. Bb2 dxe5 9. Nxe5 Nxe5 10. Bxe5 Bd7 11. a3 Bc6 12. Qg4 Nf6 13. Qd4 Qxd4 14. Bxd4 Bd6 15. Nc3 O-O-O 16. Bd3 e5 17. Bf5+ Kb8 18. Be3 g6 19. Bh3 e4 20. O-O-O Be5 21. Ne2 Nd5 22. Bd4 Bxd4 23. Rxd4 f5 24. Rhd1 Kc7 25. c4 Nf6 26. g3 Nd7 27. Nf4 Kc8 28. g4 Nc5 29. gxf5 Nxb3+ 30. Kb2 Nxd4 31. fxg6+ Kb8 32. g7 Rhg8 33. Nh5 Be8 34. Nf6 Rxg7 35. Nxe8 Rxe8 36. Rxd4 Rg6 37. Kc3 Rh6 38. Bf5 Rxh2 39. Rxe4 Rf8 40. Bg4 Rhxf2 41. Re7 R2f7 42. Re5 Rg8 43. Be6 Re7 44. Bxg8 Rxe5 45. Bxh7 Re3+ 46. Kb2 Rh3 47. Bg8 Rg3 48. Bd5 Kc7 49. a4 b6 50. Ka2 Kd6 51. Kb2 Kc5 52. a5 bxa5 53. Be6 a4 54. Ka2 Kb4 55. c5 Kxc5 56. Bd7 Kb4 57. Be6 Rg2+ 58. Ka1 Ka3 59. Kb1 Rg1+ 60. Kc2 Rg3 61. Bf7 Rb3 62. Be8 Kb4 63. Bf7 a5 0-1


[Site "https://www.chess.com"]

[Event "Titled Tuesday Blitz April 4 Early 2023"]
[White "Ordekalog"]
[Black "Rizzo, Tobias"]
[BlackFideId "30942691"]
[WhiteElo "2552"]
[BlackElo "2423"]
[Result "0-1"]
[Round "07"]
[TimeControl "180+2"]
[Date "2023.04.04"]
[WhiteClock "0:00:02"]
[BlackClock "0:00:06"]

1. e4 c5 2. d3 Nc6 3. g3 d5 4. exd5 Qxd5 5. Nf3 e5 6. Bg2 Nf6 7. O-O Be7 8. Re1 Qd6 9. Na3 Be6 10. Nb5 Qb8 11. Ng5 Bg4 12. f3 Bd7 13. f4 O-O 14. fxe5 Nxe5 15. Bf4 Bxb5 16. Bxe5 Qc8 17. Bc3 Re8 18. Qd2 Bc6 19. Bh3 Qd8 20. Rf1 h6 21. Nf3 Nd5 22. Ne5 Nxc3 23. Nxc6 bxc6 24. bxc3 Bg5 25. Qg2 Qd5 26. c4 Qd4+ 27. Kh1 Re7 28. Qxc6 Rae8 29. Qf3 Bf6 30. Rab1 Re3 31. Qf2 Qc3 32. Rb7 Re2 33. Qf3 Qxc2 34. Bg2 R2e3 35. Qd5 R8e7 36. Rb8+ Re8 37. Rxe8+ Rxe8 38. h4 Rd8 39. Qxc5 Qxd3 40. Qxa7 Qxg3 41. Qf2 Qxh4+ 42. Qxh4 Bxh4 43. Bd5 Bf6 44. a4 Rb8 45. Re1 Kf8 46. Kg2 Rb2+ 47. Kf3 g6 48. Ke4 Ra2 49. Bc6 Rd2 50. Rb1 Rd4+ 51. Ke3 Rxc4 52. Rb8+ Kg7 53. Bb5 Rb4 54. Re8 Rb3+ 55. Kd2 Bd4 56. Kc2 Rb2+ 57. Kd3 Bf6 58. Re2 Rxe2 59. Kxe2 h5 60. a5 Bd4 61. a6 Bc5 62. Kd3 Kf6 63. Kc4 Bb6 64. Be8 Kg7 65. Kd5 h4 66. Ke4 g5 67. Kf5 f6 68. Bd7 Bd4 69. Kg4 Kg6 70. Bf5+ Kf7 71. Kh3 Ke7 72. Kg4 Kd6 73. Bc8 Ke5 74. Bd7 Ke4 75. Bc6+ Ke3 76. Bd7 Kf2 77. Bc6 Kg1 78. Kh3 Kf2 79. Bd7 Kf3 80. Bc6+ Kf4 81. Bd7 f5 82. Bc8 Bf2 83. Bd7 g4+ 84. Kg2 Ba7 85. Bc8 h3+ 86. Kh2 Kg5 87. Bd7 Bb8+ 88. Kh1 g3 89. Bc6 g2+ 90. Bxg2 hxg2+ 91. Kxg2 Kg4 0-1


[Site "https://www.chess.com"]

[Event "Titled Tuesday Blitz April 4 Early 2023"]
[White "ArtemDyachuk"]
[Black "Pajeken, Jakob Leon"]
[BlackFideId "12942839"]
[WhiteElo "2418"]
[BlackElo "2414"]
[Result "1-0"]
[Round "07"]
[TimeControl "180+2"]
[Date "2023.04.04"]
[WhiteClock "0:00:06"]
[BlackClock "0:00:20"]

1. Nf3 d5 2. e3 Nf6 3. c4 dxc4 4. Bxc4 c5 5. O-O Nc6 6. Nc3 a6 7. b3 b5 8. Be2 e5 9. Bb2 Bd6 10. a4 b4 11. Na2 e4 12. Ng5 Bf5 13. f3 h5 14. fxe4 Bxh2+ 15. Kxh2 Ng4+ 16. Kg1 Qxg5 17. Rxf5 Qh4 18. Bc4 Qh2+ 19. Kf1 Qh1+ 20. Ke2 Qxg2+ 21. Kd3 O-O-O+ 22. Bd5 Nce5+ 23. Bxe5 Rxd5+ 24. exd5 Qxd5+ 25. Ke2 Qg2+ 26. Ke1 Qh1+ 27. Ke2 Qg2+ 28. Ke1 Qh1+ 29. Rf1 Qh4+ 30. Ke2 Nxe5 31. Qc2 Qg4+ 32. Ke1 Qg3+ 33. Kd1 Rd8 34. Qxc5+ Kb8 35. Qb6+ Ka8 36. Qxd8+ 1-0


[Site "https://www.chess.com"]

[Event "Titled Tuesday Blitz April 4 Early 2023"]
[White "Pham, Le Thao Nguyen"]
[Black "Topalov, Aleksandar"]
[WhiteFideId "12401226"]
[BlackFideId "925659"]
[WhiteElo "2286"]
[BlackElo "2151"]
[Result "1-0"]
[Round "07"]
[TimeControl "180+2"]
[Date "2023.04.04"]
[WhiteClock "0:00:10"]
[BlackClock "0:00:03"]

1. d4 Nf6 2. Nf3 g6 3. Bf4 Bg7 4. e3 O-O 5. h3 d6 6. c3 Nbd7 7. Bc4 b6 8. a4 a6 9. O-O Bb7 10. Nbd2 Qe8 11. Bh2 e5 12. Qb3 Rb8 13. Rfd1 Qe7 14. Qa3 e4 15. Ne1 Kh8 16. Bf1 Ng8 17. Nc2 f5 18. Nb4 Ra8 19. Qb3 g5 20. Nd5 Qd8 21. c4 Rb8 22. Rac1 Ngf6 23. Qa2 a5 24. Nxf6 Qxf6 25. c5 bxc5 26. Nc4 Ra8 27. dxc5 Nxc5 28. Nxd6 cxd6 29. Rxd6 Qxb2 30. Qxb2 Bxb2 31. Rxc5 Bg7 32. Rc7 Bc8 33. Rdc6 f4 34. exf4 gxf4 35. Bxf4 Rxf4 36. Rxc8+ Rxc8 37. Rxc8+ Rf8 38. Rc4 Re8 39. Be2 e3 40. fxe3 Bh6 41. e4 Rd8 42. Kf2 Rf8+ 43. Bf3 Rd8 44. Kg3 Bg7 45. Bg4 Be5+ 46. Kh4 Bf6+ 47. Kg3 Be5+ 48. Kf2 Rd2+ 49. Be2 Rd4 50. Rxd4 Bxd4+ 51. Kf3 Kg7 52. Bd3 h6 53. Kg4 Kf6 54. Kh5 Be3 55. g4 Bd2 56. h4 Be3 57. g5+ hxg5 58. hxg5+ Kg7 59. e5 Bd4 60. e6 Bc5 61. Kg4 Be7 62. Kf5 Bd6 63. Ke4 1-0


[Site "https://www.chess.com"]

[Event "Titled Tuesday Blitz April 4 Early 2023"]
[White "Omelja, Artem"]
[Black "Shukhman, Anna"]
[WhiteFideId "14119846"]
[BlackFideId "54180058"]
[WhiteElo "2404"]
[BlackElo "2125"]
[Result "1-0"]
[Round "07"]
[TimeControl "180+2"]
[Date "2023.04.04"]
[WhiteClock "0:00:13"]
[BlackClock "0:00:16"]

1. e4 Nf6 2. e5 Nd5 3. d4 d6 4. c4 Nb6 5. f4 dxe5 6. fxe5 Bf5 7. Nc3 e6 8. Be3 Bb4 9. Bd3 Bxd3 10. Qxd3 c5 11. Nf3 cxd4 12. Nxd4 Nc6 13. O-O-O Nxe5 14. Qe4 Nbd7 15. Bf4 Bxc3 16. Bxe5 Nxe5 17. Qxe5 Bxd4 18. Rxd4 Qf6 19. Qb5+ Kf8 20. Rhd1 g6 21. g3 Kg7 22. Rf4 a6 23. Qb4 Qg5 24. Qc3+ e5 25. Rd7 Rhf8 26. h4 Qh5 27. Re7 Rae8 28. g4 Qxh4 29. Qxe5+ Kg8 30. Rxe8 Qh1+ 31. Kc2 Qh2+ 32. Kb3 Qg3+ 33. Kb4 Rxe8 34. Qxe8+ Kg7 35. Qxf7+ Kh6 36. Qf8+ Kg5 37. Qf6+ Kh6 38. Rd4 Qe1+ 39. Ka3 Qe3+ 40. b3 Qc1+ 41. Kb4 a5+ 42. Kb5 Qg5+ 43. Qxg5+ Kxg5 44. Kxa5 h5 45. gxh5 gxh5 46. c5 h4 47. b4 h3 48. b5 h2 49. Rd1 Kf4 50. c6 bxc6 51. bxc6 Kf3 52. c7 Ke2 53. Rh1 Kd2 54. Rxh2+ Kd3 55. c8=Q Kd4 56. Qd7+ Ke4 57. Re2+ Kf3 58. Qd3+ Kf4 59. Re4+ Kf5 60. Qd5+ Kf6 61. Re6+ Kf7 62. Qd7+ Kf8 63. Re8# 1-0


[Site "https://www.chess.com"]

[Event "Titled Tuesday Blitz April 4 Early 2023"]
[White "Budrewicz, Krzysztof"]
[Black "Klepikov, Nikita"]
[WhiteFideId "1127950"]
[BlackFideId "24145220"]
[WhiteElo "2230"]
[BlackElo "2025"]
[Result "1-0"]
[Round "07"]
[TimeControl "180+2"]
[Date "2023.04.04"]
[WhiteClock "0:01:59"]
[BlackClock "0:00:01"]

1. d4 Nf6 2. c4 d6 3. Nc3 e5 4. Nf3 Nbd7 5. e4 g6 6. g3 Bg7 7. Bg2 O-O 8. O-O exd4 9. Nxd4 Re8 10. Re1 Nc5 11. f3 a5 12. Be3 h5 13. Bf2 a4 14. Nc2 Bd7 15. e5 Nh7 16. exd6 Rxe1+ 17. Nxe1 Ne6 18. Rc1 a3 19. b3 cxd6 20. Qxd6 Bc6 21. Qxd8+ Rxd8 22. Rc2 Nhg5 23. f4 Bxg2 24. Kxg2 Bxc3 25. Rxc3 Ne4 26. Rd3 Rxd3 27. Nxd3 Nc3 28. Nc1 Nd1 29. Kf3 Kf8 30. Bg1 Ke7 31. Ke2 Nb2 32. Be3 Kf6 33. Kd2 Kf5 34. Ke2 Kg4 35. Bg1 1-0


[Site "https://www.chess.com"]

[Event "Titled Tuesday Blitz April 4 Early 2023"]
[White "Filgueira, Hernan"]
[Black "Leebit02"]
[WhiteFideId "101770"]
[WhiteElo "2363"]
[BlackElo "2385"]
[Result "0-1"]
[Round "07"]
[TimeControl "180+2"]
[Date "2023.04.04"]
[WhiteClock "0:00:10"]
[BlackClock "0:00:10"]

1. c4 e5 2. Nc3 Nf6 3. Nf3 Nc6 4. a3 d5 5. cxd5 Nxd5 6. Qc2 Be7 7. e3 O-O 8. Be2 Be6 9. d3 a5 10. Bd2 f6 11. O-O Kh8 12. Kh1 Nb6 13. b3 f5 14. Bc1 Bf6 15. Bb2 Qd7 16. Rad1 Rad8 17. Nd2 Nd5 18. Nc4 Qf7 19. Nb5 g6 20. Rfe1 Bg7 21. Bf3 h5 22. e4 Nf4 23. exf5 Bxf5 24. Bxc6 bxc6 25. Nxe5 Qd5 26. Qxc6 Qxc6 27. Nxc6 Bxb2 28. Nxd8 Rxd8 29. Nxc7 Nxd3 30. Kg1 Rd7 31. Re8+ Kg7 32. Nb5 Rd5 33. a4 Rc5 34. h3 Rc2 35. Nd6 Nxf2 36. Nxf5+ gxf5 37. Rd7+ Kf6 38. Kf1 Ne4 39. g4 hxg4 40. hxg4 Ng3+ 41. Kg1 fxg4 42. Rd6+ Kg5 43. Red8 Kf4 44. Rd2 Rc1+ 45. Kg2 Bc3 46. Rf2+ Kg5 47. Kxg3 Be1 48. Kg2 Bxf2 49. Kxf2 Rc2+ 50. Kg3 Rc3+ 51. Kg2 Rxb3 52. Rd5+ Kf4 53. Rxa5 Rb2+ 54. Kg1 Kg3 55. Kf1 Rb1+ 56. Ke2 Kg2 57. Rg5 g3 58. a5 Ra1 59. Ke3 Ra2 60. Ke4 Kf2 61. Rf5+ Ke1 62. Rg5 g2 63. Kf3 Kf1 64. a6 g1=Q 0-1


[Site "https://www.chess.com"]

[Event "Titled Tuesday Blitz April 4 Early 2023"]
[White "Koridze, Lile"]
[Black "Tomaszewski, Kacper"]
[WhiteFideId "13612514"]
[BlackFideId "1127373"]
[WhiteElo "2047"]
[BlackElo "2211"]
[Result "1-0"]
[Round "07"]
[TimeControl "180+2"]
[Date "2023.04.04"]
[WhiteClock "0:00:32"]
[BlackClock "0:00:02"]

1. d4 d5 2. c4 e6 3. Nf3 a6 4. g3 h6 5. Bg2 Bb4+ 6. Bd2 Qe7 7. O-O dxc4 8. Qc2 Bd7 9. Ne5 Bc6 10. Nxc6 Nxc6 11. Qxc4 Bxd2 12. Bxc6+ Kf8 13. Bxb7 Rb8 14. Nxd2 Rxb7 15. Qxa6 Qb4 16. Ne4 Nf6 17. Nc5 Rb8 18. Rfd1 g5 19. Qa7 Kg7 20. Qxc7 Rhc8 21. Qe7 Kg6 22. b3 Qa5 23. Qd6 Rb6 24. Qe5 Nd5 25. Rdc1 Rbc6 26. a3 Qa8 27. b4 Qb8 28. Qxb8 Rxb8 29. Nd7 Rb7 30. Ne5+ 1-0


[Site "https://www.chess.com"]

[Event "Titled Tuesday Blitz April 4 Early 2023"]
[White "Gubajdullin, Alexei"]
[Black "Garrido, Denis"]
[WhiteFideId "4141202"]
[BlackFideId "601217"]
[WhiteElo "2279"]
[BlackElo "2360"]
[Result "1/2-1/2"]
[Round "07"]
[TimeControl "180+2"]
[Date "2023.04.04"]
[WhiteClock "0:00:20"]
[BlackClock "0:00:07"]

1. d4 Nf6 2. Nf3 e6 3. Bf4 d5 4. e3 c5 5. Nbd2 Bd6 6. Bg3 O-O 7. c3 Qc7 8. Ne5 Nbd7 9. f4 Rb8 10. Bd3 b5 11. Bh4 b4 12. Rc1 bxc3 13. bxc3 c4 14. Bc2 Ba3 15. Rb1 Bb2 16. O-O Bxc3 17. Rxb8 Qxb8 18. Ndf3 Ne4 19. Nxc4 Ba6 20. Nfe5 Nxe5 21. Nxe5 Bxf1 22. Nd7 Qb5 23. Nxf8 Be2 24. Qc1 Bb2 25. Qe1 Kxf8 26. Bd8 Bc3 27. Qh4 Qd7 28. Ba4 Bd2 29. Bxd7 Bxe3+ 30. Kh1 Nf2+ 31. Kg1 Ne4+ 32. Kh1 Nf2+ 33. Kg1 Nh3+ 34. Kh1 Nf2+ 1/2-1/2


[Site "https://www.chess.com"]

[Event "Titled Tuesday Blitz April 4 Early 2023"]
[White "koncheto"]
[Black "Ovezdurdyyeva, Jemal"]
[BlackFideId "14001888"]
[WhiteElo "2527"]
[BlackElo "2043"]
[Result "1-0"]
[Round "07"]
[TimeControl "180+2"]
[Date "2023.04.04"]
[WhiteClock "0:01:45"]
[BlackClock "0:00:05"]

1. d4 Nf6 2. Bg5 e6 3. e4 c5 4. d5 exd5 5. exd5 d6 6. c4 h6 7. Bh4 g5 8. Bg3 Bg7 9. Nc3 O-O 10. Bd3 Re8+ 11. Nge2 Nh5 12. O-O Nd7 13. Bxd6 b6 14. Ng3 Nxg3 15. Bxg3 Ne5 16. f4 Nxd3 17. Qxd3 g4 18. Rae1 f5 19. Re5 Bd7 20. Rfe1 Qf6 21. d6 h5 22. Nd5 Qh6 23. Ne7+ Kh8 24. Nxf5 Qh7 25. Rxe8+ Rxe8 26. Rxe8+ Bxe8 27. d7 Bd4+ 28. Qxd4+ cxd4 29. dxe8=Q+ 1-0


[Site "https://www.chess.com"]

[Event "Titled Tuesday Blitz April 4 Early 2023"]
[White "Bayo Milagro, Alvaro"]
[Black "Tsotsonava, Elene"]
[WhiteFideId "22275240"]
[BlackFideId "13615939"]
[WhiteElo "2270"]
[BlackElo "1829"]
[Result "1-0"]
[Round "07"]
[TimeControl "180+2"]
[Date "2023.04.04"]
[WhiteClock "0:00:55"]
[BlackClock "0:00:02"]

1. Nf3 d5 2. c4 d4 3. b4 f6 4. d3 e5 5. a3 a5 6. b5 c6 7. bxc6 Nxc6 8. g3 Bc5 9. Bg2 Nge7 10. O-O O-O 11. Nbd2 a4 12. Rb1 Kh8 13. Ne4 Ba7 14. Qxa4 f5 15. Ned2 e4 16. dxe4 d3 17. Qd1 fxe4 18. Nxe4 dxe2 19. Qxe2 Nf5 20. Bb2 Nfd4 21. Nxd4 Nxd4 22. Bxd4 Qxd4 23. Rbd1 Qe5 24. Rd5 Qe7 25. c5 Be6 26. Re5 Bb8 27. Nd6 Rxa3 28. Rxe6 Qd7 29. Re7 Qa4 30. Nf7+ Kg8 31. Qe6 Qb3 32. Bd5 Ra6 33. Nh6+ Kh8 34. Qg8+ Rxg8 35. Nf7# 1-0


[Site "https://www.chess.com"]

[Event "Titled Tuesday Blitz April 4 Early 2023"]
[White "Fernandez Sanchez, Mario Andres"]
[Black "Ibadov, Dashgyn"]
[WhiteFideId "6501621"]
[BlackFideId "24107514"]
[WhiteElo "2050"]
[BlackElo "2208"]
[Result "0-1"]
[Round "07"]
[TimeControl "180+2"]
[Date "2023.04.04"]
[WhiteClock "0:00:07"]
[BlackClock "0:00:07"]

1. d4 d5 2. Bf4 Nf6 3. e3 c5 4. Nf3 Nc6 5. Nbd2 Qb6 6. dxc5 Qxb2 7. Rb1 Qc3 8. Bb5 g6 9. O-O Bg7 10. Nd4 Bd7 11. Bxc6 bxc6 12. Rb7 O-O 13. Be5 Bc8 14. Nxc6 Qxc5 15. Nxe7+ Kh8 16. Nb3 Qc4 17. Rc7 Qa6 18. Qd4 Qb6 19. Nc5 Ba6 20. Nxd5 Nxd5 21. Bxg7+ Kg8 22. Bxf8 Rxf8 23. Nxa6 Nxc7 24. Nxc7 Qxc7 25. c4 Rd8 26. Qc3 Qc5 27. g3 a5 28. Rb1 Rc8 29. h4 Qxc4 30. Qxa5 Qe4 31. Qb4 Rc1+ 32. Rxc1 Qxb4 33. Rd1 Qa3 34. Rd4 Qxa2 35. Rf4 Kg7 36. Kg2 h6 37. Kg1 Qd5 38. Kh2 f5 39. Rd4 Qe5 40. Kg2 Kf6 41. Kh2 Qc5 42. Kg2 Qc6+ 43. Kh2 Qf3 44. Kg1 g5 45. hxg5+ hxg5 46. Rb4 Qd1+ 47. Kg2 Qd5+ 48. Kg1 Ke5 49. Rd4 Qc5 50. Kg2 Qc6+ 51. Kg1 Qc1+ 52. Kg2 Qb2 53. Kg1 Qc3 54. Kg2 Qa1 55. Kh2 Qf1 56. Rd2 Ke4 57. f4 Kxe3 58. Rg2 Kf3 59. Rg1 Qf2+ 60. Kh3 g4+ 61. Kh4 Qxg1 62. Kg5 Qxg3 0-1


[Site "https://www.chess.com"]

[Event "Titled Tuesday Blitz April 4 Early 2023"]
[White "Forgacs, Attila Jr."]
[Black "lluiss"]
[WhiteFideId "773654"]
[WhiteElo "2168"]
[BlackElo "2236"]
[Result "1-0"]
[Round "07"]
[TimeControl "180+2"]
[Date "2023.04.04"]
[WhiteClock "0:01:15"]
[BlackClock "0:00:05"]

1. a3 d5 2. Nf3 Nf6 3. g3 g6 4. Bg2 Bg7 5. O-O O-O 6. d3 c5 7. Nc3 Nc6 8. e4 h6 9. exd5 Nxd5 10. Nxd5 Qxd5 11. Re1 Qh5 12. Rb1 a5 13. Nd2 Bg4 14. f3 Bd7 15. Nc4 Rad8 16. Be3 b5 17. Nb6 Be6 18. f4 Bg4 19. Qd2 Rb8 20. Na4 Nd4 21. Nxc5 Qxc5 22. c3 Qd6 23. cxd4 Bxd4 24. Bxd4 Qxd4+ 25. Qe3 Qxe3+ 26. Rxe3 Be6 27. d4 Rfd8 28. Rd1 Kf8 29. d5 Bg4 30. Rd2 Rd6 31. h3 Be6 32. Red3 Rbd8 33. Kf2 Bf5 34. Rc3 e6 35. Rc5 Rb8 36. b4 axb4 37. axb4 exd5 38. Rdxd5 Rxd5 39. Bxd5 Bd3 40. Ke3 Re8+ 41. Kxd3 Re1 42. Rxb5 1-0


[Site "https://www.chess.com"]

[Event "Titled Tuesday Blitz April 4 Early 2023"]
[White "Arcos Facio, Mateo"]
[Black "Salman, Pavel"]
[WhiteFideId "3001199"]
[BlackFideId "24153753"]
[WhiteElo "2156"]
[BlackElo "2187"]
[Result "0-1"]
[Round "07"]
[TimeControl "180+2"]
[Date "2023.04.04"]
[WhiteClock "0:00:01"]
[BlackClock "0:00:38"]

1. e4 g6 2. d4 Bg7 3. Nc3 d6 4. f4 Nf6 5. Nf3 c5 6. e5 Ng4 7. dxc5 dxe5 8. Qxd8+ Kxd8 9. fxe5 Nxe5 10. Bf4 Nxf3+ 11. gxf3 Bf5 12. O-O-O+ Nd7 13. Bb5 e5 14. Bg5+ f6 15. Bh4 Rc8 16. Ne4 Ke7 17. Nd6 Rc7 18. Nxf5+ gxf5 19. Rhg1 Bh6+ 20. Kb1 Nxc5 21. Bf2 Ne6 22. Bxa7 Ra8 23. Bb6 e4 24. Bxc7 Nxc7 25. Rd7+ Ke6 26. Rxc7 e3 27. Rxh7 Bf4 28. Rh4 Ke5 29. Rg7 Bg5 30. Rb4 Rd8 31. a3 Rd1+ 32. Ka2 Rh1 33. Re7+ Kd6 34. Re8 Rxh2 35. Rd4+ Kc5 36. c3 Kxb5 37. Re6 e2 38. b4 e1=Q+ 39. Kb3 Qxe6+ 0-1


[Site "https://www.chess.com"]

[Event "Titled Tuesday Blitz April 4 Early 2023"]
[White "Acikel, Mert"]
[Black "Ljukin, Sergei"]
[WhiteFideId "12956465"]
[BlackFideId "14102200"]
[WhiteElo "2097"]
[BlackElo "2312"]
[Result "0-1"]
[Round "07"]
[TimeControl "180+2"]
[Date "2023.04.04"]
[WhiteClock "0:00:03"]
[BlackClock "0:00:11"]

1. e4 e6 2. d4 d5 3. Nd2 Nf6 4. e5 Nfd7 5. Bd3 c5 6. c3 Nc6 7. Ne2 cxd4 8. cxd4 f6 9. exf6 Qxf6 10. Nf3 h6 11. O-O Bd6 12. Re1 O-O 13. Ng3 Rf7 14. Nh5 Qe7 15. Bb1 Nf8 16. Ng3 Bd7 17. Nf5 Rxf5 18. Bxf5 Qf6 19. Bc2 Be8 20. Ne5 Nxe5 21. dxe5 Bxe5 22. Qg4 Rc8 23. Bd3 Bd7 24. Rb1 Bd6 25. Bd2 e5 26. Qe2 e4 27. Bb5 Bf5 28. Bc3 d4 29. Bd2 Qe5 30. g3 Kh8 31. Bf4 Qd5 32. Bxd6 Qxd6 33. Qh5 Rc5 34. a4 e3 35. Qe8 Bxb1 0-1


[Site "https://www.chess.com"]

[Event "Titled Tuesday Blitz April 4 Early 2023"]
[White "Goffredo_Fofi"]
[Black "Semenova, Alina"]
[BlackFideId "24113875"]
[WhiteElo "2510"]
[BlackElo "1833"]
[Result "1-0"]
[Round "07"]
[TimeControl "180+2"]
[Date "2023.04.04"]
[WhiteClock "0:00:13"]
[BlackClock "0:00:01"]

1. d4 Nf6 2. Nf3 d6 3. c4 g6 4. Nc3 Bg7 5. e4 O-O 6. Be2 e5 7. d5 a5 8. Bg5 h6 9. Be3 Ng4 10. Bd2 Na6 11. h3 Nf6 12. g4 Nc5 13. Qc2 c6 14. Be3 cxd5 15. cxd5 Bd7 16. Nd2 Rc8 17. a4 Ne8 18. Bb5 f5 19. gxf5 gxf5 20. Rg1 f4 21. Bxc5 Rxc5 22. Bxd7 Qxd7 23. Qd3 f3 24. Rg3 Kh7 25. Rxf3 Kh8 26. Rxf8+ Bxf8 27. Ke2 Ng7 28. Qf3 Qe8 29. Rg1 Nh5 30. Qg4 Nf4+ 31. Kf1 Qf7 32. Nf3 Rc7 33. Nh4 Rd7 34. Ng6+ Nxg6 35. Qxg6 Qxg6 36. Rxg6 Kh7 37. Re6 Kg7 38. Nb5 Kf7 39. Ke2 b6 40. Kd3 Bg7 41. Rxd6 Rxd6 42. Nxd6+ Kf8 43. Nf5 Bh8 44. Kc4 Bf6 45. Kb5 Ke8 46. Kxb6 1-0


[Site "https://www.chess.com"]

[Event "Titled Tuesday Blitz April 4 Early 2023"]
[White "Taboas Rodriguez, Daniel"]
[Black "Vargas Rodriguez, Wilver"]
[WhiteFideId "2208466"]
[BlackFideId "3509672"]
[WhiteElo "2365"]
[BlackElo "2224"]
[Result "1-0"]
[Round "07"]
[TimeControl "180+2"]
[Date "2023.04.04"]
[WhiteClock "0:01:44"]
[BlackClock "0:00:11"]

1. d4 Nf6 2. Nf3 d6 3. c4 Nbd7 4. Nc3 g6 5. e4 e5 6. Be2 Bg7 7. O-O O-O 8. Be3 Re8 9. d5 Ng4 10. Bg5 f6 11. Bh4 g5 12. Bg3 Nf8 13. Nxg5 Nxf2 14. Rxf2 fxg5 15. Bg4 Bxg4 16. Qxg4 Ng6 17. Rf5 h6 18. Raf1 Nf4 19. h4 Bf6 20. Bxf4 exf4 21. R1xf4 Rf8 22. hxg5 hxg5 23. Rf3 Qe7 24. e5 dxe5 25. Ne4 Bg7 26. Rxf8+ Rxf8 27. Rxf8+ Qxf8 28. c5 Qf7 29. d6 cxd6 30. cxd6 Kf8 31. Qc8+ Qe8 32. d7 Qxc8 33. dxc8=Q+ Kf7 34. Qd7+ Kg6 35. Qe6+ 1-0


[Site "https://www.chess.com"]